 Dungeon Sprint DCSS version 0.20-a0-640-g62ed22f (webtiles) character file.

567 esc the Fighter (level 7, -7/51 HPs)
             Began as a Gargoyle Berserker on Feb 12, 2017.
             Was an Elder of Trog.
             Mangled by a crocodile (11 damage)
             ... in the Dungeon (Sprint II: "The Violet Keep of Menkaure").
             The game lasted 00:01:34 (489 turns).

esc the Fighter (Gargoyle Berserker)                 Turns: 489, Time: 00:01:35

Health: -7/51      AC:  7    Str: 22    XL:     7   Next: 33%
Magic:  7/7        EV: 14    Int:  8    God:    Trog [****..]
Gold:   486        SH:  0    Dex:  9    Spells: 6/6 levels left

rFire    . . .     SeeInvis .   a - +0 mace
rCold    . . .     Gourm    .   b - +0 animal skin
rNeg     + . .     Faith    .   (no shield)
rPois    ∞         Spirit   .   (no helmet)
rElec    +         Reflect  .   (no cloak)
rCorr    .         Harm     .   (no gloves)
MR       .....     NoTele   +   (no boots)
Stlth    +.........             (no amulet)
Regen    0.2/turn               (no ring)
MPRegen  0.1/turn               (no ring)

@: exhausted, slowed, very slow
A: negative energy resistance 1, electricity resistance, unbreathing,
petrification resistance, rot immunity, AC +4
a: Berserk, Trog's Hand, Brothers in Arms, Burn Spellbooks, Renounce Religion


You were in the Dungeon.
You worshipped Trog.
Trog was greatly pleased with you.
You were hungry.

You visited 1 branch You collected 486 gold pieces.

Inventory:

Hand Weapons
 a - a +0 mace (weapon)
Armour
 b - a +0 animal skin (worn)
Scrolls
 i - a scroll of blinking {!r}
Potions
 d - a potion of curing
 e - a potion of heal wounds
 f - a potion of haste
 g - 2 potions of magic
 h - a potion of berserk rage {!q}
Comestibles
 c - a bread ration {@e1}
 j - 2 chunks of flesh {@w0}


   Skills:
 + Level 9.1 Fighting
 + Level 8.2 Maces & Flails
 + Level 8.7 Armour
 + Level 6.6 Dodging


You had 6 spell levels left.
You didn't know any spells.

Dungeon Overview and Level Annotations

Branches:
Dungeon (1/1)

Altars:

Shops:
D :%?:=}((([:!=[:!

Annotations:
D exclusion: oklob plant


Innate Abilities, Weirdness & Mutations

You are resistant to torment.
Your stone body is resilient. (AC +4)
You are immune to poison.
You resist negative energy. (rN+)
You are resistant to electric shocks. (rElec)
You can survive without breathing.
You are immune to petrification.
You are immune to rotting.


Message History

A crocodile comes into view.
Found 243 gold pieces.
Found Muj Obru's Book Boutique.
There is an open door here.
Things that are here:
3 inedible chunks of flesh {@w0}; an inedible chunk of flesh {@w0} 2 inedible chunks of flesh {@w0}
There is an open door here.
You are feeling very hungry.
As you close the door, it creaks loudly!
You start resting.
Eating one of 3 chunks of flesh {@w0}.
You eat one of the 3 chunks of flesh {@w0}.
You feel yourself speed up.
You regained 2 hp, and now have 35/50 hp.
You start resting.
You feel less exhausted.
You regained 3 hp, and now have 38/50 hp.
You start resting.
Health restored: 50 You open the door.
There is an open door here.
There is an open door here.
Things that are here:
3 inedible chunks of flesh {@w0}; an inedible chunk of flesh {@w0} 2 inedible chunks of flesh {@w0}
Found Omymeb's Distillery and Gul Vaov's Book Shop.
Found six shops.
You see here 243 gold pieces.
You now have 486 gold pieces (gained 243).
A red film seems to cover your vision as you go berserk!
You feel yourself moving faster!
You feel mighty!
You are feeling very hungry.
You now have 75/75 hp.
You hit the crocodile. The crocodile completely misses you.
You sock the crocodile! The crocodile bites you.
You take 5 damage, and have 70/75 hp.
You hit the crocodile. You barely miss the crocodile.
The crocodile barely misses you.
You sock the crocodile!
You kill the crocodile!
Trog accepts your kill.
You can now call in reinforcements.
Your Fighting skill increases to level 9!
You regained 2 hp, and now have 72/76 hp.
Found four shops.
There is an open door here.
You see here a crocodile corpse.
You butcher the crocodile corpse.
You feel a strong urge to attack something.
j - 4 chunks of flesh {@w0} (gained 2)
There is an open door, spattered with blood here.
Unknown command.
You start resting.
Eating one of 4 chunks of flesh {@w0}.
You eat one of the 4 chunks of flesh {@w0}.
You feel your anger subside.
You are no longer berserk.
You are exhausted.
You feel yourself slow down.
You now have 48/51 hp.
You start resting.
Some of the chunks of flesh in your inventory have rotted away.
Health restored: 51
There is an open door, spattered with blood here.
You enter the shallow water.
Moving in this stuff is going to be slow.
The shining eye turns its gaze towards you.
Found 81 gold pieces.
Found Taogaqov's Magic Scroll Shop and Funoddel's Food Boutique.
A crocodile comes into view.
The shining eye turns its gaze towards you. x2
There is an open door here.
Found four items.
Found Tipt's Book Shoppe.
The crocodile closely misses you.
You barely miss the crocodile. The crocodile closely misses you.
You sock the crocodile! The crocodile bites you. The crocodile misses you.
You take 4 damage, and have 47/51 hp.
You hit the crocodile. The crocodile bites you!
You take 10 damage, and have 37/51 hp.
You closely miss the crocodile.
You are feeling hungry.
The crocodile bites you but does no damage.
The shining eye pulsates ominously.
You closely miss the crocodile. The crocodile bites you!
The crocodile misses you.
You take 15 damage, and have 22/51 hp.
MASSIVE DAMAGE!!
You sock the crocodile! The crocodile completely misses you.
You hit the crocodile but do no damage. The crocodile closely misses you.
The crocodile barely misses you.
You hit the crocodile but do no damage. The crocodile bites you.
You take 2 damage, and have 21/51 hp.
You barely miss the crocodile. The crocodile bites you!
* * * LOW HITPOINT WARNING * * *
The crocodile closely misses you.
You take 16 damage, and have 5/51 hp.
MASSIVE DAMAGE!!
You barely miss the crocodile.
The crocodile bites you but does no damage.
You hit the crocodile but do no damage. The crocodile bites you.
* * * LOW HITPOINT WARNING * * *
The crocodile bites you!
You die...

##########≈≈#§'
#########≈≈≈§§§
....∩.∩.#≈≈§§§##+##
...∩.∩..#≈≈≈§##.#.##
..∩.∩...#≈≈≈≈#..#..#
.⌠.∩....#≈≈#####.###
..∩.∩...#≈##.###'#
...∩.∩.@#≈#...##.##
....∩.∩.t≈'.##%.<.+
.....∩.∩#≈#...##.##
▓▓▓▓▓▓###≈##.###+#
?GG######≈≈### $.G#
##≈≈


∩PD +#≈ !. ≈≈ ≈≈ You could see an ice dragon, 3 shining eyes, an oklob plant and
a crocodile.

Vanquished Creatures
  Menkaure (D)
  4 necrophages (D)
  A crocodile (D)
  4 worker ants (D)
10 creatures vanquished.

Notes
Turn   | Place    | Note
-------+----------+-------------------------------------------
     0 | D        | esc the Gargoyle Berserker began the quest for the Orb.
     0 | D        | Reached XP level 1. HP: 14/14 MP: 1/1
     1 | D        | Noticed a worker ant
     1 | D        | Noticed a worker ant
    10 | D        | Killed a worker ant
    10 | D        | Reached skill level 4 in Fighting
    10 | D        | Reached skill level 4 in Maces & Flails
    10 | D        | Reached skill level 3 in Armour
    10 | D        | Reached skill level 2 in Dodging
    10 | D        | Reached XP level 2. HP: 9/20 MP: 2/2
    12 | D        | HP: 6/30 [worker ant (3)]
    14 | D        | Reached skill level 5 in Fighting
    14 | D        | Reached skill level 4 in Armour
    14 | D        | Reached skill level 3 in Dodging
    14 | D        | Reached XP level 3. HP: 8/26 MP: 3/3
   251 | D        | Reached ** piety under Trog
   251 | D        | Reached XP level 4. HP: 31/31 MP: 4/4
   254 | D        | Reached skill level 5 in Maces & Flails
   254 | D        | Reached skill level 5 in Armour
   305 | D        | Noticed a necrophage
   305 | D        | Noticed a necrophage
   305 | D        | Noticed a necrophage
   305 | D        | Noticed a necrophage
   311 | D        | Killed a necrophage
   311 | D        | Reached skill level 7 in Fighting
   311 | D        | Reached skill level 6 in Maces & Flails
   311 | D        | Reached skill level 6 in Armour
   311 | D        | Reached skill level 4 in Dodging
   311 | D        | Reached XP level 5. HP: 38/38 MP: 5/5
   312 | D        | Noticed Menkaure
   314 | D        | Killed a necrophage
   314 | D        | Reached skill level 7 in Armour
   314 | D        | Reached skill level 5 in Dodging
   314 | D        | Reached XP level 6. HP: 44/44 MP: 6/6
   319 | D        | Killed a necrophage
   319 | D        | Reached *** piety under Trog
   319 | D        | Reached skill level 8 in Fighting
   319 | D        | Reached skill level 7 in Maces & Flails
   329 | D        | Killed a necrophage
   329 | D        | Reached skill level 8 in Armour
   329 | D        | Reached skill level 6 in Dodging
   329 | D        | Reached XP level 7. HP: 37/50 MP: 7/7
   331 | D        | Killed Menkaure
   331 | D        | Reached skill level 8 in Maces & Flails
   336 | D        | Found Muj Obru's Book Boutique.
   447 | D        | Found Omymeb's Distillery.
   447 | D        | Found Gul Vaov's Book Shop.
   448 | D        | Found Xesmill's Antique Armour Shop.
   448 | D        | Found Plog's Distillery.
   448 | D        | Found Komeh's Jewellery Boutique.
   448 | D        | Found Raded's Antique Weapon Boutique.
   448 | D        | Found Ideimiad's Antique Weapon Shop.
   448 | D        | Found Gaumiamm's Weapon Boutique.
   459 | D        | Reached **** piety under Trog
   459 | D        | Reached skill level 9 in Fighting
   460 | D        | Found Yngysati's Gadget Boutique.
   460 | D        | Found Myquh's Jewellery Shop.
   460 | D        | Found Plog's Book Boutique.
   460 | D        | Found Heumumas's Antique Armour Shop.
   475 | D        | Found Taogaqov's Magic Scroll Shop.
   475 | D        | Found Funoddel's Food Boutique.
   475 | D        | Noticed a shining eye
   476 | D        | Noticed a shining eye
   476 | D        | Noticed a shining eye
   476 | D        | Noticed an oklob plant
   477 | D        | Found Tipt's Book Shoppe.
   477 | D        | Noticed an ice dragon
   487 | D        | HP: 5/51 [crocodile (16)]
   489 | D        | Mangled by a crocodile

Vault maps used:
D:        the_violet_keep_of_menkaure

Skill      XL: |  1  2  3  4  5  6  7 |
---------------+----------------------+-----
Fighting       | 4 5 7 8 9 |  9.1
Maces & Flails | 4 6 7 8 |  8.2
Armour         | 3 4 6 7 8 |  8.7
Dodging        | 2 3 4 5 6 |  6.6

Action                   |  1- 3 |  4- 6 |  7- 9 || total
-------------------------+-------+-------+-------++-------
Melee: Mace              |    15 |    26 |    18 ||    59
Invok: Berserk           |     2 |     1 |     1 ||     4
  Eat: Chunk             |       |       |     2 ||     2
Armor: Animal skin       |     2 |     5 |     2 ||     9
Dodge: Dodged            |     6 |    12 |    11 ||    29

Vault maps used:
D:        the_violet_keep_of_menkaure

Table legend:
 A = Turns spent in this place as a percentage of turns spent in the entire game.
 B = Non-inter-level travel turns spent in this place as a percentage of non-inter-level travel turns spent in the entire game.
 C = Inter-level travel turns spent in this place as a percentage of turns spent in this place.
 D = Turns resting spent in this place as a percentage of non-inter-level travel turns spent in this place.
 E = Turns spent auto-exploring this place as a percentage of non-inter-level travel turns spent in this place.
 F = Non-inter-level travel turns spent in this place divided by the number of levels of this place that you've seen.
                   A       B       C       D       E      F
               +-------+-------+-------+-------+-------+----------------------
         Total | 100.0 | 100.0 |   0.0 |  12.1 |   0.0 | 141.0
       Dungeon | 100.0 | 100.0 |   0.0 |  12.1 |   0.0 | 141.0
               +-------+-------+-------+-------+-------+----------------------

Table legend:
 A = Kills in this place as a percentage of kills in entire the game.
 B = Kills by you in this place as a percentage of kills by you in the entire game.
 C = Kills by friends in this place as a percentage of kills by friends in the entire game.
 D = Other kills in this place as a percentage of other kills in the entire game.
 E = Experience gained in this place as a percentage of experience gained in the entire game.
 F = Experience gained in this place divided by the number of levels of this place that you have seen.
                   A       B       C       D       E      F
               +-------+-------+-------+-------+-------+----------------------
         Total | 100.0 | 100.0 |  -nan |  -nan | 100.0 | 810.0
       Dungeon | 100.0 | 100.0 |  -nan |  -nan | 100.0 | 810.0
               +-------+-------+-------+-------+-------+----------------------
